AoeStats
← O grande

Arena

505725828Analyzed
3v3 RM · 21d ago on Sep 10, 2026· 40m 19s· 6 players
Game mode
Random Map
Map size
Normal (6 player)
Population
200
Speed
Normal
Resources
Standard
Victory
Conquest
Starting age
Dark Age
Ending age
Imperial Age
RankedLock teamsTeams togetherTeam positionsShared explorationLock speedFull tech treeHidden civsTurbo modeCheats
Victory
Defeat
🇧🇷 Vikings · Brazil
1511
+12
🇬🇧 Wei · United Kingdom
1446
+15
🇧🇷 Italians · Brazil
1402
+16
🇹🇷 Vikings · Türkiye
1488
-17
🇹🇷 Italians · Türkiye
1391
-13
🇹🇷 Bohemians · Türkiye
1383
-13
GdR_halo
11:37 Feudal Age
12:35 Loom
15:26 Castle Age
13:46 Double-Bit Axe
14:03 Horse Collar
16:34 Bow Saw
19:47 Fletching
22:55 Padded Archer Armor
30:07 Imperial Age
29:26 Leather Archer Armor
31:58 Chemistry
35:15 Ring Archer Armor
35:44 Fletching
37:40 Bodkin Arrow
39:57 Scale Mail Armor
40:07 Forging
GdR_Zasha
8:59 Feudal Age
9:30 Double-Bit Axe
9:26 Horse Collar
17:10 Castle Age
18:11 Bow Saw
18:02 Heavy Plow
22:42 Stone Mining
23:58 Gold Mining
29:08 Imperial Age
26:57 Scale Mail Armor
27:08 Forging
26:29 Man-at-Arms
26:55 Gambesons
27:11 Squires
26:56 Arson
27:26 Loom
27:27 Town Watch
27:24 Long Swordsman
28:20 Chain Mail Armor
29:45 Iron Casting
29:35 Two-Handed Swordsman
30:46 Plate Mail Armor
30:39 Conscription
31:45 Two-Man Saw
31:16 Crop Rotation
31:02 Bogsveigar
30:50 Champion
32:05 Chieftains
32:37 Capped Ram
34:43 Caravan
36:38 Blast Furnace
36:00 Siege Ram
38:38 Coinage
GdR_Bozadam
10:32 Feudal Age
14:31 Castle Age
12:22 Horse Collar
12:30 Double-Bit Axe
13:40 Stone Mining
15:46 Bow Saw
19:19 Loom
21:05 Heavy Plow
23:30 Wheelbarrow
23:44 Scale Mail Armor
23:56 Forging
Vetinari
11:28 Feudal Age
15:11 Castle Age
13:07 Double-Bit Axe
13:30 Horse Collar
14:34 Gold Mining
15:13 Forging
15:15 Stone Mining
17:14 Light Cavalry
18:50 Sanctity
18:43 Fervor
19:19 Loom
22:10 Wheelbarrow
21:24 Town Watch
22:30 Scale Barding Armor
22:52 Husbandry
23:36 Bloodlines
24:33 Heavy Plow
26:42 Chain Barding Armor
26:13 Fletching
26:32 Husbandry
27:49 Bow Saw
29:27 Hand Cart
32:34 Imperial Age
31:12 Tuntian
32:28 Iron Casting
31:48 Bodkin Arrow
33:21 Fortified Wall
32:53 Heavy Hei Guang Cavalry
33:56 Conscription
34:51 Ming Guang Armor
35:57 Blast Furnace
Aron
11:11 Feudal Age
15:26 Castle Age
13:41 Double-Bit Axe
13:54 Horse Collar
14:33 Gold Mining
16:26 Bow Saw
19:15 Fletching
20:22 Loom
22:15 Bodkin Arrow
25:13 Imperial Age
23:53 Wheelbarrow
24:58 Masonry
28:40 Conscription
29:56 Heavy Plow
30:59 Scale Mail Armor
31:52 Forging
31:43 Arson
31:59 Squires
33:58 Chain Mail Armor
34:34 Iron Casting
35:30 Plate Mail Armor
37:36 Blast Furnace
38:30 Chemistry
38:49 Crop Rotation
39:56 Man-at-Arms
O grande
12:04 Feudal Age
15:49 Castle Age
14:16 Double-Bit Axe
14:23 Horse Collar
17:12 Scale Mail Armor
17:01 Gambesons
16:39 Man-at-Arms
18:13 Long Swordsman
18:54 Squires
19:58 Chain Mail Armor
20:51 Forging
23:11 Iron Casting
22:24 Arson
27:12 Loom
30:46 Imperial Age
28:05 Loom
30:35 Bow Saw
30:28 Heavy Plow
30:18 Gold Mining
30:23 Stone Mining
31:27 Two-Handed Swordsman
32:12 Town Watch
34:31 Plate Mail Armor
35:09 Blast Furnace
35:58 Fletching
36:24 Fletching
36:56 Ballistics
37:44 Chemistry
36:33 Crossbowman
37:46 Bodkin Arrow
39:00 Bracer
39:42 Arbalester
Connection lost

Rejoining the realm…

Still unreachable

The connection could not be restored.

Session expired

The server has moved on; the page needs a fresh start.